 Dungeon Crawl Stone Soup version 0.22.1-6-g1668fe2c40 (webtiles) character file.

48 Kohma the Ruffian (level 3, -8/29 HPs)
             Began as a Draconian Transmuter on Jan 24, 2019.
             Mangled by Sigmund
             ... wielding a +2 scythe of freezing
              (15 damage)
             ... on level 3 of the Dungeon.
             The game lasted 00:04:47 (2185 turns).

Kohma the Ruffian (Draconian Transmuter)            Turns: 2185, Time: 00:04:47

Health: -8/29      AC:  6    Str: 15    XL:     3   Next: 50%
Magic:  2/6        EV: 12    Int: 14    God:
Gold:   78         SH:  0    Dex: 11    Spells: 3/6 levels left

rFire    . . .     SeeInvis .     - Unarmed
rCold    . . .     Gourm    .   (no shield)
rNeg     . . .     Faith    .   (armour unavailable)
rPois    .         Spirit   .   (helmet restricted)
rElec    .         Reflect  .   (no cloak)
rCorr    .         Harm     .   d - +0 pair of gloves {Str+3}
MR       .....                  (no boots)
Stlth    +.........             (no amulet)
HPRegen  0.09/turn              (no ring)
MPRegen  0.10/turn              (no ring)

@: no status effects
A: unfitting armour, cold-blooded, AC +5
a: no special abilities


You were on level 3 of the Dungeon.
You were not hungry.

You visited 1 branch of the dungeon, and saw 3 of its levels.

You collected 78 gold pieces.

Inventory:

Missiles
 a - 32 arrows
 b - 183 stones (quivered)
Armour
 d - a +0 pair of gloves of strength (worn)
Scrolls
 f - a scroll of magic mapping {unknown}
 g - 4 scrolls of teleportation {unknown}
 h - a scroll of random uselessness {unknown}
 j - a scroll of immolation {unknown}
 l - 2 scrolls of identify {unknown}
 n - a scroll of enchant weapon {unknown}
Potions
 e - a potion of degeneration {unknown}
 i - 2 potions of curing {unknown}
 k - 2 potions of resistance {unknown}
 o - a potion of heal wounds {unknown}
 p - 2 potions of flight {unknown}
Comestibles
 c - 5 rations
 m - 2 chunks of flesh


   Skills:
 + Level 1.9 Fighting
 - Level 1.7 Dodging
 + Level 3.3 Unarmed Combat
 + Level 2.4 Spellcasting
 * Level 2.9 Transmutations


You had 3 spell levels left.
You knew the following spells:

 Your Spells              Type           Power        Failure   Level  Hunger
a - Beastly Appendage     Tmut           #.....       7%          1    #......
b - Sticks to Snakes      Tmut           #.......     11%         2    ###....

Your spell library contained the following spells:

 Spells                   Type           Power        Failure   Level  Hunger
 Spider Form              Tmut/Pois      #.........   36%         3    ###....
 Ice Form                 Ice/Tmut       #.......     77%         4    #####..
 Blade Hands              Tmut           #.........   88%         5    ######.


Dungeon Overview and Level Annotations

Branches:
Dungeon (3/15)

Altars:
Nemelex Xobeh

Annotations:
D:3 Natasha, Sigmund


Innate Abilities, Weirdness & Mutations

Your plain brown scales are hard. (AC +5)
You cannot fit into any form of body armour.
You are cold-blooded and may be slowed by cold attacks.


Message History

Natasha hisses angrily.
The goblin shouts!
Natasha hisses.
You hear a shout! x3
You hit Natasha.
Natasha is moderately wounded.
You hear a shout!
Your ball python seems less confused.
Natasha closely misses you.
You hear a shout!
You hit Natasha.
Your tail-slap misses Natasha.
Natasha is severely wounded.
A magic dart appears from out of thin air!
The magic dart hits your ball python.
Your ball python dies!
Natasha casts a spell.
You closely miss Natasha. You tail-slap Natasha.
Natasha is almost dead.
Something hits you!
Ouch! That really hurt!
You die...

#### .....
#.....#####
....5.h@S.#
#...g.###.#
##... #<#
##. #.# #
#.# #.# #.#
#.. ###


You could see an iron imp, Natasha, a goblin and a friendly ball python.

Vanquished Creatures
  An adder (D:2)
  A leopard gecko (D:2)
  2 ball pythons
  4 giant cockroaches
  3 goblins
  3 hobgoblins
  4 jackals (D:1)
  2 bats (D:1)
  4 frilled lizards
  4 kobolds
  A rat (D:1)
29 creatures vanquished.

Vanquished Creatures (collateral kills)
  An adder (D:2)
  A worm (D:2)
2 creatures vanquished.

Grand Total: 31 creatures vanquished

Notes
Turn   | Place    | Note
-------+----------+-------------------------------------------
     0 | D:1      | Kohma the Draconian Transmuter began the quest for the Orb.
     0 | D:1      | Reached XP level 1. HP: 16/16 MP: 3/3
   278 | D:1      | Reached XP level 2. HP: 17/23 MP: 3/5
  1055 | D:2      | Learned a level 2 spell: Sticks to Snakes
  1146 | D:2      | Found a sparkling altar of Nemelex Xobeh.
  1212 | D:2      | Reached XP level 3. HP: 29/29 MP: 1/6
  2165 | D:3      | Noticed Sigmund
  2182 | D:3      | Noticed Natasha
  2185 | D:3      | Mangled by Sigmund

Action                   || total
-------------------------++-------
Melee: Unarmed           ||   113
       Kick              ||    13
       Tailslap          ||    13
       Punch             ||     3
 Cast: Beastly Appendage ||    13
       Sticks to Snakes  ||     9
 Stab: Sleeping          ||     1
  Eat: Ration            ||     1
       Chunk             ||     1
Armor: Skin              ||    34
Dodge: Dodged            ||    60
